 Dungeon Crawl Stone Soup version 0.29-a0-364-g921d912d32 (webtiles) character file.

Game seed: 4741249249793231613

2 holysushi the Cutter (level 1, 14/14 HPs)
             Began as a Kobold Monk on Apr 30, 2022.
             Was the Champion of Ignis.
             Quit the game on level 1 of the Dungeon.
             The game lasted 00:01:26 (182 turns).

holysushi the Cutter (Kobold Monk)                   Turns: 182, Time: 00:01:27

Health: 14/14      AC:  2    Str:  8    XL:     1   Next: 44%
Magic:  1/1        EV: 16    Int: 11    God:    Ignis [******]
Gold:   8          SH:  0    Dex: 17    Spells: 0/0 levels left

rFire   + . .      SeeInvis .   a - +0 short sword
rCold   . . .      Faith    .   (no shield)
rNeg    . . .      Spirit   .   b - +0 robe
rPois   .          Reflect  .   (no helmet)
rElec   .          Harm     .   (no cloak)
rCorr   .          Rampage  .   (no gloves)
Will    .....                   (no boots)
Stlth   +++.......              (no amulet)
HPRegen 0.04/turn               (no ring)
MPRegen 0.07/turn               (no ring)

@: no status effects
A: small, no large weapons, nightstalker 3
a: Renounce Religion, Fiery Armour, Foxfire Swarm, Rising Flame


You were on level 1 of the Dungeon.
You worshipped Ignis.
Ignis was exalted by your worship.
You visited 1 branch of the dungeon, and saw 1 of its levels.

You collected 8 gold pieces.

Inventory:

Hand Weapons
 a - a +0 short sword (weapon)
Armour
 b - a +0 robe (worn)
Scrolls
 d - a scroll of enchant armour {unknown}
 e - a scroll of identify {unknown}
Potions
 c - a potion of ambrosia


   Skills:
 + Level 3.3 Fighting
 * Level 4.2 Short Blades
 - Level 3.6 Dodging
 - Level 2.6 Stealth


You couldn't memorise any spells.
You didn't know any spells.
Your spell library was empty.

Dungeon Overview and Level Annotations

Branches:
Dungeon (1/15)

Altars:
Ignis


Innate Abilities, Weirdness & Mutations

You are small and have problems with some larger weapons.
You are completely attuned to the shadows.


Message History

A kobold comes into view. It is wielding a +0 whip.
There is a stone staircase leading down here.
A kobold is nearby!
A kobold is nearby!
A kobold is nearby!
A kobold is nearby!
Found a faded altar of an unknown god.
The helpless kobold fails to defend itself.
You puncture the kobold!
You kill the kobold!
No target in view!
Things that are here:
a +0 whip; a kobold corpse No target in view!
You hit the withered plant but do no damage.
You puncture the withered plant!
The withered plant begins to crumble.
The withered plant is lightly damaged.
You hit the withered plant.
The withered plant is lightly damaged.
You hit the withered plant.
The withered plant is lightly damaged.
You puncture the withered plant!
The withered plant is lightly damaged.
You hit the withered plant.
The withered plant is lightly damaged.
The withered plant crumbles away.
There is a faded altar of an unknown god here.
You cannot tell which god this altar belongs to.
Convert to them anyway?
Okay, then.
Unknown command.
Press < or > to pray at altars.
You cannot tell which god this altar belongs to.
Convert to them anyway?
Uppercase [Y]es or [N]o only, please.
You cannot tell which god this altar belongs to.
Convert to them anyway?
Ignis accepts your prayer! Ignis welcomes you!
You can now rocket upward and away.
Okay, then.
Okay, then.
Are you sure you want to abandon this character and quit the game? (Confirm with "yes".)

[................
.............
#........... #.##
######........##
....♣♣.....>######.##
.....P♣)##....).....#
....♣.P.##..........#
...._♣.♣##..........#
....@.♣...###....#.##
....♣.....# #....#.#.
..........# ##.....#.
..........# #.#####.
.......... #.# #.
#.#####. #.....'.
#######. #.


There were no monsters in sight!

Vanquished Creatures
  An endoplasm (D:1)
  2 kobolds (D:1)
3 creatures vanquished.

Vanquished Creatures (others)
  A withered plant (D:1)
1 creature vanquished.

Grand Total: 4 creatures vanquished

Notes
Turn   | Place    | Note
-------+----------+-------------------------------------------
     0 | D:1      | holysushi the Kobold Monk began the quest for the Orb.
     0 | D:1      | Reached XP level 1. HP: 14/14 MP: 1/1
   167 | D:1      | Found a faded altar of an unknown god.
   180 | D:1      | Prayed at the altar of an unknown god.
   180 | D:1      | Became a worshipper of Ignis, the Dying Flame
   180 | D:1      | Reached ****** piety under Ignis
   182 | D:1      | Quit the game

Illustrated notes

Levels and vault maps discovered:
D:1:      minmay_arrival_five_plusses, layout_basic, serial_aquarium,
          aquarium_bridge_island_large [aquarium_subvault_large_open,
          aquarium_subvault_bridge, aquarium_subvault_wall,
          aquarium_subvault_bridge, aquarium_subvault_bridge],
          aquarium_window_1, aquarium_window_corner, aquarium_window_1,
          aquarium_window_1, aquarium_view_2e, aquarium_pool_split,
          ebering_ecumenical_altar_petrified

Action                   || total
-------------------------++-------
Melee: Short sword       ||     9
 Stab: Sleeping          ||     3

Table legend: (Time is in decaauts)
 A = Elapsed time spent in this place.
 B = Non-inter-level travel time spent in this place.
 C = Inter-level travel time spent in this place.
 D = Time resting spent in this place.
 E = Time spent auto-exploring this place.
 F = Levels seen in this place.
 G = Mean time per level.
                   A        B        C        D        E       F      G
               +--------+--------+--------+--------+--------+-----+--------+
         Total |    181 |    181 |      0 |      0 |    149 |   1 |  181.0 |
       Dungeon |    181 |    181 |      0 |      0 |    149 |   1 |  181.0 |
               +--------+--------+--------+--------+--------+-----+--------+

Top non-repeatable levels by time:
     D:1: 181 daAuts
